 Dungeon Crawl Stone Soup version 0.26.1-11-gd32895ea62 (webtiles) character file.

Game seed: 8962679972268458937

380 H0rd4k the Insei (level 6, -2/38 HPs)
             Began as an Octopode Transmuter on May 4, 2021.
             Slain by an orc wizard
             ... wielding a +0 hand axe
              (3 damage)
             ... on level 4 of the Dungeon.
             The game lasted 00:05:22 (6693 turns).

H0rd4k the Insei (Octopode Transmuter)              Turns: 6693, Time: 00:05:22

Health: -2/38      AC:  1    Str:  9    XL:     6   Next: 75%
Magic:  8/10       EV: 14    Int: 17    God:
Gold:   252        SH:  0    Dex: 13    Spells: 1/10 levels left

rFire    . . .     SeeInvis .     - Unarmed
rCold    . . .     Faith    .   (no shield)
rNeg     . . .     Spirit   .   (helmet restricted)
rPois    .         Reflect  .   (no amulet)
rElec    .         Harm     .   (no ring)
rCorr    .         Rampage  .   (no ring)
Will     .....                  (no ring)
Stlth    +++.......             (no ring)
HPRegen  0.12/turn              (no ring)
MPRegen  0.12/turn              (no ring)
                                (no ring)
                                (no ring)

@: invisible
A: almost no armour, stealthy swim, amphibious, 8 rings, constrict 8, camouflage
1, gelatinous body 1
a: no special abilities


You were on level 4 of the Dungeon.
You visited 1 branch of the dungeon, and saw 4 of its levels.
You also visited: Sewer.

You collected 252 gold pieces.

Inventory:

Jewellery
 t - an uncursed ring of ice {unknown}
Wands
 r - a wand of iceblast (3)
 s - a wand of random effects (14)
Scrolls
 b - 2 scrolls of enchant armour {unknown}
 c - a scroll of amnesia {unknown}
 d - 2 scrolls of remove curse {unknown}
 i - 2 scrolls of immolation {unknown}
 l - 3 scrolls of identify {unknown}
 o - 3 scrolls of teleportation {unknown}
 p - a scroll of blinking {unknown}
Potions
 f - a potion of might
 k - 2 potions of curing {unknown}
 m - 2 potions of invisibility
 n - 3 potions of flight {unknown}
 q - a potion of degeneration {unknown}


   Skills:
 + Level 1.3 Fighting
 + Level 3.0 Dodging
 + Level 3.9 Stealth
 + Level 4.5 Unarmed Combat
 * Level 2.7 Spellcasting
 * Level 3.4 Transmutations
 * Level 2.2 Poison Magic


You had one spell level left.
You knew the following spells:

 Your Spells              Type           Power        Failure   Level
a - Beastly Appendage     Tmut           28%          4%          1
b - Spider Form           Tmut/Pois      6%           17%         3
c - Blade Hands           Tmut           7%           77%         5

Your spell library contained the following spells:

 Spells                   Type           Power        Failure   Level
 Wereblood                Tmut           14%          7%          2
 Ice Form                 Ice/Tmut       8%           65%         4


Dungeon Overview and Level Annotations

Branches:
Dungeon (4/15)              Sewer (visited)
 Temple: D:4-7

Altars:

Annotations:
D:4 2 runed translucent doors, Destapler's ghost, amateur OpWz


Innate Abilities, Weirdness & Mutations

You cannot wear most types of armour.
You are very stealthy in the water. (Stealth+)
You are amphibious.
You can wear up to eight rings at the same time.
You can use your tentacles to constrict eight enemies at once.
Your skin changes colour to match your surroundings (Stealth+).
Your rubbery body absorbs attacks. (AC +1, EV +1)


Message History

You feel clever all of a sudden. The orc wizard barely misses you.
The orc closely misses you.
It was a potion of attraction.
You feel attractive to monsters.
You kill the orc!
The kobold hits you.
* * * LOW HITPOINT WARNING * * *
The orc wizard misses you. The worker ant is pulled toward you!
It was a potion of cancellation.
Your magical effects are unravelling.
You feel magically purged.
Your transformation has ended.
You feel yourself slow down.
You feel less confused.
You feel a little less mighty now.
You feel a little less clever now.
Your resistance to elements expires.
The worker ant is pulled toward you!
You feel less attractive to monsters.
It was a potion of invisibility.
You fade into invisibility!
The kobold barely misses you.
The orc wizard hits you with a +0 hand axe.
You die...

...... ...... #......
####......
###.........
###.........
#.....oB.#### K
♣....@K....#...
♣..♣#...o....'...
##.......#..
##.......'...
###......<.###.
#.P........#
#♣P........# ## #
####††#...# .# .#
####..#...###.###.#.#


You could see a worker ant, an orc priest, an orc wizard and a kobold.

Vanquished Creatures
  A howler monkey (D:4)
  An orc priest (D:3)
  Natasha (thrice) (D:3)
  A worker ant (D:4)
  3 gnolls (D:3)
  3 adders
  7 oozes
  A dart slug (D:2)
  6 worms
  3 leopard geckos
  4 orcs
  2 ball pythons (Sewer)
  8 giant cockroaches
  8 goblins
  10 hobgoblins
  14 jackals
  13 bats
  5 frilled lizards
  11 kobolds
  A leopard gecko skeleton (D:4)
  6 rats
111 creatures vanquished.

Vanquished Creatures (others)
  58 plants (D:4)
58 creatures vanquished.

Grand Total: 169 creatures vanquished

Notes
Turn   | Place    | Note
-------+----------+-------------------------------------------
     0 | D:1      | H0rd4k the Octopode Transmuter began the quest for the Orb.
     0 | D:1      | Reached XP level 1. HP: 13/13 MP: 3/3
    64 | D:1      | Reached XP level 2. HP: 17/18 MP: 5/5
  1436 | D:1      | Reached XP level 3. HP: 21/23 MP: 6/6
  2348 | D:2      | Reached XP level 4. HP: 15/28 MP: 7/7
  2771 | D:2      | Reached skill level 1 in Stealth
  3195 | D:2      | Learned a level 3 spell: Spider Form
  3373 | D:3      | Found a glowing drain.
  3388 | D:3      | Reached skill level 4 in Unarmed Combat
  3388 | D:3      | Reached XP level 5. HP: 12/33 MP: 8/8
  3403 | Sewer    | Entered a sewer
  3914 | Sewer    | Reached skill level 1 in Poison Magic
  5224 | D:3      | Found a faded altar of an unknown god.
  5240 | D:3      | Reached XP level 6. HP: 31/38 MP: 9/9
  5477 | D:3      | Noticed Natasha
  5495 | D:3      | Killed Natasha
  5957 | D:3      | Noticed Natasha
  5966 | D:3      | Killed Natasha
  6128 | D:3      | Noticed Natasha
  6134 | D:3      | Killed Natasha
  6219 | D:4      | Learned a level 5 spell: Blade Hands
  6263 | D:4      | Found a runed translucent gate.
  6263 | D:4      | Noticed Destapler's ghost (amateur OpWz)
  6264 | D:4      | Found a runed translucent gate.
  6691 | D:4      | HP: 1/38 [kobold (1)]
  6693 | D:4      | Slain by an orc wizard

Illustrated notes

Levels and vault maps discovered:
D:1:      dpeg_arrival_ternary, layout_basic,
          wander_ebering_terrifying_dragon_lair
D:2:      layout_basic, grunt_ministairs_2
D:3:      layout_basic, chequers_ecumenical_altar_island,
          cheibrodos_sewer_entry_sluice, hangedman_abyss_or_decor_lesser_grid,
          uniq_natasha
D:4:      kennysheep_kobold_camp, layout_basic, biasface_ghost_orc_armoury,
          minmay_crystal_room, minmay_misc_feat_nine_boxes, solitary_fountain,
          minmay_starry_boxes

Skill      XL: |  1  2  3  4  5  6 |
---------------+-------------------+-----
Stealth        | 1 2 3 |  3.9
Unarmed Combat | 4 |  4.5
Poison Magic   | 1 2 |  2.2
Transmutations | 3 |  3.4
Dodging        | 3 |  3.0
Fighting       | |  1.3
Spellcasting   | |  2.7

Action                   |  1- 3 |  4- 6 || total
-------------------------+-------+-------++-------
Melee: Unarmed           |    84 |   210 ||   294
       Constrict         |    24 |    54 ||    78
       Tentacles         |     6 |    37 ||    43
       Punch             |     1 |     5 ||     6
 Cast: Spider Form       |       |     4 ||     4
  Use: Potion            |       |     7 ||     7
 Stab: Sleeping          |     2 |    14 ||    16
Armor: Skin              |     7 |    13 ||    20
Dodge: Dodged            |    59 |   164 ||   223
